IL
TACOMA RAINIERS @ SCRANTON WB RAILRIDERS
05/13/2048
 
TOP OF THE 1ST
Tacoma Rainiers batting - Pitching for Scranton WB RailRiders : LHP Omar Quinones
Pitching: LHP Omar Quinones
Batting: RHB Rick Ellis 0-0: Foul Ball, location: 2F
0-1: Ball
1-1: Swinging Strike
1-2: Strikes out swinging
Batting: RHB Enrique Valdez 0-0: Ball
1-0: Swinging Strike
1-1: Ball
2-1: Called Strike
2-2: Strikes out swinging
Batting: RHB Brad Robidas 0-0: Ball
1-0: Ground out 5-3 (Groundball, 56S, EV 91.2 MPH)
Top of the 1st over - 0 runs, 0 hits, 0 errors, 0 left on base; Tacoma 0 - Scranton WB 0
BOTTOM OF THE 1ST
Scranton WB RailRiders batting - Pitching for Tacoma Rainiers : RHP Jake Underhill
Pitching: RHP Jake Underhill
Batting: RHB Devon Utley 0-0: Foul Ball, location: 2F
0-1: Swinging Strike
0-2: Foul Ball, location: 2F
0-2: Strikes out swinging, 2-3 out at first.
Batting: LHB Aaron Joyner 0-0: Fly out, F9 (Flyball, 9D, EV 79.4 MPH)
Batting: SHB Mukhtar Wa'il 0-0: Ball
1-0: Swinging Strike
1-1: Ball
2-1: Swinging Strike
2-2: Foul Ball, location: 2F
2-2: Strikes out swinging
Bottom of the 1st over - 0 runs, 0 hits, 0 errors, 0 left on base; Tacoma 0 - Scranton WB 0
TOP OF THE 2ND
Tacoma Rainiers batting - Pitching for Scranton WB RailRiders : LHP Omar Quinones
Batting: RHB Josh Ruhl 0-0: Ball
1-0: Ball
2-0: Ball
3-0: Ground out 6-3 (Groundball, 6MS, EV 79.4 MPH)
Batting: RHB Chris Olheiser 0-0: Fly out, F7 (Flyball, 7D, EV 97.5 MPH)
Batting: SHB Ray Skogen 0-0: Called Strike
0-1: Ball
1-1: Ball
2-1: Called Strike
2-2: Ball
3-2: SOLO HOME RUN (Flyball, 7D, EV 95.0 MPH), Distance : 360 ft
Batting: RHB Max Schellekens 0-0: Ball
1-0: SINGLE (Flyball, 89S, EV 86.9 MPH)
Batting: RHB Zach Downs 0-0: Foul Ball, location: 2F
0-1: Foul Ball, location: 2F
0-2: Ball
1-2: Ground out 5-3 (Groundball, 15, EV 81.9 MPH)
Top of the 2nd over - 1 run, 2 hits, 0 errors, 1 left on base; Tacoma 1 - Scranton WB 0
BOTTOM OF THE 2ND
Scranton WB RailRiders batting - Pitching for Tacoma Rainiers : RHP Jake Underhill
Batting: SHB Ryan Buchbinder 0-0: Ball
1-0: Ball
2-0: Called Strike
2-1: Ball
3-1: Base on Balls
Batting: LHB Dan Morris 0-0: Ball
1-0: Foul Ball, location: 2F
1-1: Ball
2-1: Foul Ball, location: 2F
2-2: Ball
3-2: TRIPLE (Line Drive, 9LD, EV 103.8 MPH)
Ryan Buchbinder scores
Batting: RHB Andy Wasierski 0-0: Ball
1-0: Ball
2-0: Ball
3-0: Base on Balls
Batting: SHB Jose Vargas 0-0: Ball
1-0: Called Strike
1-1: Ball
2-1: Called Strike
Andy Wasierski steals 2nd base
2-2: Ball
3-2: SINGLE (Flyball, 7, EV 83.8 MPH)
Dan Morris scores
Andy Wasierski to third
Batting: RHB Josh Zoglmann 0-0: Called Strike
0-1: Ball
1-1: Ball
2-1: Called Strike
2-2: Strikes out swinging
Batting: SHB Joe Fure 0-0: Ball
1-0: Ball
2-0: Ball
3-0: Called Strike
3-1: Swinging Strike
3-2: Strikes out swinging
Batting: RHB Devon Utley 0-0: Fly out, F4 (Popup, 4S, EV 84.4 MPH)
Bottom of the 2nd over - 2 runs, 2 hits, 0 errors, 2 left on base; Tacoma 1 - Scranton WB 2
TOP OF THE 3RD
Tacoma Rainiers batting - Pitching for Scranton WB RailRiders : LHP Omar Quinones
Batting: LHB Josh Pittman 0-0: Ball
1-0: Ground out 4-3 (Groundball, 4M, EV 90.0 MPH)
Batting: RHB Rick Ellis 0-0: Ball
1-0: Ball
2-0: Fly out, F8 (Flyball, 89D, EV 93.1 MPH)
Batting: RHB Enrique Valdez 0-0: Ball
1-0: Ball
2-0: Called Strike
2-1: Ground out 6-3 (Groundball, 6, EV 98.8 MPH)
Top of the 3rd over - 0 runs, 0 hits, 0 errors, 0 left on base; Tacoma 1 - Scranton WB 2
BOTTOM OF THE 3RD
Scranton WB RailRiders batting - Pitching for Tacoma Rainiers : RHP Jake Underhill
Batting: LHB Aaron Joyner 0-0: Ball
1-0: Called Strike
1-1: Ball
2-1: Called Strike
2-2: Foul Ball, location: 2F
2-2: Strikes out swinging
Batting: SHB Mukhtar Wa'il 0-0: Ball
1-0: Called Strike
1-1: Fly out, F8 (Line Drive, 89M, EV 102.5 MPH)
Batting: SHB Ryan Buchbinder 0-0: Foul Ball, location: 2F
0-1: Ball
1-1: Ball
2-1: SINGLE (Groundball, 4D, EV 94.4 MPH)
Batting: LHB Dan Morris 0-0: Called Strike
0-1: Called Strike
0-2: SINGLE (Groundball, 6MD, EV 96.9 MPH)
Ryan Buchbinder to second
Runner from 2nd tries for 3rd, SAFE, throw by CF made to third
Batting: RHB Andy Wasierski 0-0: Ball
1-0: Ball
2-0: Called Strike
2-1: SINGLE (Groundball, 34S, EV 70.6 MPH) (infield hit)
Ryan Buchbinder scores
Dan Morris to second
Batting: SHB Jose Vargas 0-0: Called Strike
0-1: Ball
1-1: Swinging Strike
1-2: Strikes out looking
Bottom of the 3rd over - 1 run, 3 hits, 0 errors, 2 left on base; Tacoma 1 - Scranton WB 3
TOP OF THE 4TH
Tacoma Rainiers batting - Pitching for Scranton WB RailRiders : LHP Omar Quinones
Pitching: RHP Devon Wiley
Batting: RHB Brad Robidas 0-0: Ball
1-0: Fly out, F7 (Line Drive, 78M, EV 92.5 MPH)
Batting: RHB Josh Ruhl 0-0: Ball
1-0: Foul Ball, location: 2F
1-1: Swinging Strike
1-2: Ball
2-2: Strikes out swinging
Batting: RHB Chris Olheiser 0-0: Called Strike
0-1: Foul Ball, location: 2F
0-2: Strikes out looking
Top of the 4th over - 0 runs, 0 hits, 0 errors, 0 left on base; Tacoma 1 - Scranton WB 3
BOTTOM OF THE 4TH
Scranton WB RailRiders batting - Pitching for Tacoma Rainiers : RHP Jake Underhill
Batting: RHB Josh Zoglmann 0-0: Fly out, F8 (Flyball, 78D, EV 98.1 MPH)
Batting: SHB Joe Fure 0-0: Ground out 6-3 (Groundball, 6M, EV 88.1 MPH)
Batting: RHB Devon Utley 0-0: Ball
1-0: Ball
2-0: Ball
3-0: Base on Balls
Batting: LHB Aaron Joyner 0-0: Ball
Devon Utley steals 2nd base
1-0: Ball
Devon Utley steals 3rd base
2-0: Ball
3-0: Called Strike
3-1: Foul Ball, location: 2F
3-2: 2-RUN HOME RUN (Flyball, 7LD, EV 95.6 MPH), Distance : 358 ft
Pitching: RHP Marty Maginnis
Batting: SHB Mukhtar Wa'il 0-0: Ground out 4-3 (Groundball, 4D, EV 85.0 MPH)
Bottom of the 4th over - 2 runs, 1 hit, 0 errors, 0 left on base; Tacoma 1 - Scranton WB 5
TOP OF THE 5TH
Tacoma Rainiers batting - Pitching for Scranton WB RailRiders : RHP Devon Wiley
Batting: SHB Ray Skogen 0-0: Called Strike
0-1: Ball
1-1: Hit by Pitch
Batting: RHB Max Schellekens 0-0: Called Strike
0-1: Foul Ball, location: 2F
0-2: SINGLE (Groundball, 13, EV 85.0 MPH) (infield hit)
Ray Skogen to second
Batting: RHB Zach Downs 0-0: Ball
1-0: Called Strike
1-1: Ball
2-1: Ball
3-1: Base on Balls
Ray Skogen to third
Max Schellekens to second
Batting: LHB Josh Pittman 0-0: Fly out, F5 (Popup, 56, EV 78.8 MPH)
Batting: RHB Rick Ellis 0-0: Swinging Strike
0-1: Called Strike
0-2: Ball
1-2: Foul Ball, location: 2F
1-2: Strikes out swinging
Batting: RHB Enrique Valdez 0-0: Foul Ball, location: 2F
0-1: DOUBLE (Line Drive, 9D, EV 90.6 MPH)
Ray Skogen scores
Max Schellekens scores
Zach Downs to third
Batting: RHB Brad Robidas 0-0: Swinging Strike
0-1: Ball
1-1: Fly out, F8 (Flyball, 8RD, EV 99.4 MPH)
Top of the 5th over - 2 runs, 2 hits, 0 errors, 2 left on base; Tacoma 3 - Scranton WB 5
BOTTOM OF THE 5TH
Scranton WB RailRiders batting - Pitching for Tacoma Rainiers : RHP Marty Maginnis
Batting: SHB Ryan Buchbinder 0-0: Ball
1-0: Foul Ball, location: 2F
1-1: Foul Ball, location: 2F
1-2: Ball
2-2: Ball
3-2: Base on Balls
Batting: LHB Dan Morris 0-0: Ball
1-0: Fielders Choice at 2nd, 6-4 (Groundball, 6, EV 86.2 MPH)
Batting: RHB Andy Wasierski 0-0: Called Strike
0-1: SINGLE (Line Drive, 89S, EV 92.5 MPH)
Dan Morris to second
Runner from 2nd tries for 3rd, SAFE, throw by RF made to third
Batting: SHB Jose Vargas 0-0: Ball
1-0: Called Strike
1-1: Ball
2-1: Fly out, F8 (Flyball, 8LM, EV 81.9 MPH)
Batting: RHB Josh Zoglmann 0-0: Ball
1-0: Foul Ball, location: 2F
1-1: Ground out 4-3 (Groundball, 4, EV 102.5 MPH)
Bottom of the 5th over - 0 runs, 1 hit, 0 errors, 2 left on base; Tacoma 3 - Scranton WB 5
TOP OF THE 6TH
Tacoma Rainiers batting - Pitching for Scranton WB RailRiders : RHP Devon Wiley
Batting: RHB Josh Ruhl 0-0: Called Strike
0-1: Ball
1-1: Fly out, F3 (Popup, 34, EV 74.4 MPH)
Batting: RHB Chris Olheiser 0-0: Ball
1-0: Swinging Strike
1-1: Ball
2-1: Swinging Strike
2-2: Strikes out looking
Batting: SHB Ray Skogen 0-0: Called Strike
0-1: Ball
1-1: Swinging Strike
1-2: Foul Ball, location: 2F
1-2: Ball
2-2: Ground out 6-3 (Groundball, 6MS, EV 71.2 MPH)
Top of the 6th over - 0 runs, 0 hits, 0 errors, 0 left on base; Tacoma 3 - Scranton WB 5
BOTTOM OF THE 6TH
Scranton WB RailRiders batting - Pitching for Tacoma Rainiers : RHP Marty Maginnis
Batting: SHB Joe Fure 0-0: Foul Ball, location: 2F
0-1: Foul Ball, location: 2F
0-2: Ball
1-2: Ball
2-2: Foul Ball, location: 2F
2-2: DOUBLE (Line Drive, 7LS, EV 96.9 MPH)
Batting: RHB Devon Utley 0-0: Ground out 5-3 (Groundball, 56S, EV 82.5 MPH)
Batting: LHB Aaron Joyner 0-0: Ball
1-0: Ball
2-0: Called Strike
2-1: Foul Ball, location: 2F
2-2: Strikes out swinging
Batting: SHB Mukhtar Wa'il 0-0: Ground out 1-3 (Groundball, P, EV 70.6 MPH)
Bottom of the 6th over - 0 runs, 1 hit, 0 errors, 1 left on base; Tacoma 3 - Scranton WB 5
TOP OF THE 7TH
Tacoma Rainiers batting - Pitching for Scranton WB RailRiders : RHP Devon Wiley
Pitching: RHP Ray Richards
Batting: RHB Max Schellekens 0-0: Foul Ball, location: 2F
0-1: Called Strike
0-2: Ball
1-2: Ball
2-2: Strikes out looking
Batting: RHB Zach Downs 0-0: Ball
1-0: Ball
2-0: Called Strike
2-1: Foul Ball, location: 2F
2-2: Fly out, F8 (Flyball, 8RS, EV 84.4 MPH)
Batting: LHB Josh Pittman 0-0: Ground out 4-3 (Groundball, 4M, EV 87.5 MPH)
Top of the 7th over - 0 runs, 0 hits, 0 errors, 0 left on base; Tacoma 3 - Scranton WB 5
BOTTOM OF THE 7TH
Scranton WB RailRiders batting - Pitching for Tacoma Rainiers : RHP Marty Maginnis
Batting: SHB Ryan Buchbinder 0-0: Called Strike
0-1: Swinging Strike
0-2: Ball
1-2: Ball
2-2: Ball
3-2: Base on Balls
Batting: LHB Dan Morris 0-0: Called Strike
0-1: Ball
1-1: Ball
2-1: Fielders Choice at 2nd, 4-6 (Groundball, 4, EV 91.9 MPH)
Batting: RHB Andy Wasierski 0-0: Swinging Strike
0-1: Ball
1-1: Foul Ball, location: 2F
1-2: Hit by Pitch
Dan Morris to second
Batting: SHB Jose Vargas 0-0: Fielders Choice at 2nd, 6-4 (Groundball, 56, EV 103.1 MPH)
Dan Morris to third
Batting: RHB Josh Zoglmann 0-0: Ball
1-0: Ball
2-0: Foul Ball, location: 2F
2-1: Fly out, F8 (Flyball, 8LD, EV 99.4 MPH)
Bottom of the 7th over - 0 runs, 0 hits, 0 errors, 2 left on base; Tacoma 3 - Scranton WB 5
TOP OF THE 8TH
Tacoma Rainiers batting - Pitching for Scranton WB RailRiders : RHP Ray Richards
Batting: RHB Rick Ellis 0-0: Called Strike
0-1: Called Strike
0-2: Foul Ball, location: 2F
0-2: Foul Ball, location: 2F
0-2: DOUBLE (Groundball, 5L, EV 98.8 MPH)
Pinch Hitting: LHB Ryan Lowe 0-0: Swinging Strike
0-1: Swinging Strike
0-2: Ball
1-2: Strikes out swinging
Batting: RHB Brad Robidas 0-0: Foul Ball, location: 2F
0-1: Ground out 5-3 (Groundball, 5, EV 88.8 MPH)
Batting: RHB Josh Ruhl 0-0: Called Strike
0-1: Ground out 5-3 (Groundball, 56S, EV 87.5 MPH)
Top of the 8th over - 0 runs, 1 hit, 0 errors, 1 left on base; Tacoma 3 - Scranton WB 5
BOTTOM OF THE 8TH
Scranton WB RailRiders batting - Pitching for Tacoma Rainiers : RHP Marty Maginnis
Pitching: RHP Jace Daniels
Now at 1B: Ryan Lowe
Now at 2B: Zach Downs
Batting: SHB Joe Fure 0-0: Swinging Strike
0-1: Called Strike
0-2: Strikes out swinging
Batting: RHB Devon Utley 0-0: Ball
1-0: Foul Ball, location: 2F
1-1: Ball
2-1: Ball
3-1: Base on Balls
Batting: LHB Aaron Joyner 0-0: Called Strike
Devon Utley is caught stealing 2nd base 2-6
0-1: Ball
1-1: Ball
2-1: Called Strike
2-2: Ball
3-2: Strikes out swinging
Bottom of the 8th over - 0 runs, 0 hits, 0 errors, 0 left on base; Tacoma 3 - Scranton WB 5
TOP OF THE 9TH
Tacoma Rainiers batting - Pitching for Scranton WB RailRiders : RHP Ray Richards
Pitching: RHP Mark Stafford
Now at 1B: Paul Diaz
Batting: RHB Chris Olheiser 0-0: Ground out U3 (Groundball, 34S, EV 80.0 MPH)
Batting: SHB Ray Skogen 0-0: Called Strike
0-1: Foul Ball, location: 2F
0-2: Ball
1-2: Ball
2-2: Ball
3-2: SINGLE (Line Drive, 6M, EV 103.8 MPH)
Batting: RHB Max Schellekens 0-0: Ball
1-0: Grounds into double play, 6-4-3 (Groundball, 6M, EV 81.9 MPH)
Top of the 9th over - 0 runs, 1 hit, 0 errors, 0 left on base; Tacoma 3 - Scranton WB 5
Tuesday, March 28th , 2023 - OOTP Baseball 23.10 Build 110